 Dungeon Crawl Stone Soup version 0.22-a0-99-g1ac4c55 (webtiles) character file.

4190 solxrula the Basher (level 10, -3/91 HPs)
             Began as a Troll Berserker on Jan 25, 2018.
             Was an Elder of Trog.
             Killed from afar by a white imp (6 damage)
             ... with a puff of frost
             ... on level 9 of the Dungeon on Jan 26, 2018.
             The game lasted 00:30:11 (7448 turns).

solxrula the Basher (Troll Berserker)               Turns: 7448, Time: 00:30:12

Health: -3/91      AC:  7    Str: 29    XL:     10   Next: 8%
Magic:  9/9        EV: 10    Int:  3    God:    Trog [****..]
Gold:   433        SH:  0    Dex: 10    Spells: 9/9 levels left

rFire    . . .     SeeInvis .   a - +3 flail (holy)
rCold    . . .     Gourm    +   (no shield)
rNeg     . . .     Faith    .   j - +2 robe
rPois    .         Spirit   .   (helmet restricted)
rElec    .         Reflect  .   (no cloak)
rCorr    +         Harm     .   (gloves unavailable)
MR       .....                  (boots unavailable)
Stlth    +.........             (no amulet)
HPRegen  0.65/turn              z - ring of resist corrosion
MPRegen  0.11/turn              (no ring)

@: no status effects
A: large, unfitting armour, claws 3, fast metabolism 3, gourmand, regeneration
1, shaggy fur 1, tough skin 2
a: Berserk, Trog's Hand, Brothers in Arms, Burn Spellbooks, Renounce Religion


You were on level 9 of the Dungeon.
You worshipped Trog.
Trog was greatly pleased with you.
You were not hungry.

You visited 1 branch of the dungeon, and saw 9 of its levels.

You collected 433 gold pieces.

Inventory:

Hand Weapons
 a - a +3 flail of holy wrath (weapon)
 b - a +2 mace of protection
 c - a +1 mace
Armour
 j - a +2 robe (worn)
Jewellery
 m - an uncursed ring of protection from magic {unknown}
 n - an uncursed ring of protection from fire {unknown}
 z - a ring of resist corrosion (left claw)
Wands
 e - a wand of random effects (65)
 f - a wand of digging (12)
 h - a wand of acid (14)
 l - a wand of disintegration (30)
Scrolls
 d - 3 scrolls of enchant armour
 A - 4 scrolls of magic mapping
Potions
 g - a potion of heal wounds
 i - 3 potions of might
 k - a potion of haste
 o - a potion of curing
Comestibles
 Z - 16 rations


   Skills:
 - Level 3.1 Fighting
 * Level 12.9 Maces & Flails
 - Level 3.0 Dodging
 + Level 0.2 Evocations


You had 9 spell levels left.
You didn't know any spells.

Dungeon Overview and Level Annotations

Branches:
Dungeon (9/15)
 Temple: D:4-7         Lair: D:8-11         Orc: D:9-12

Altars:
Ashenzari
Gozag
Hepliaklqana
Kikubaaqudgha
Makhleb
Okawaru
Sif Muna
Trog
Uskayaw
Vehumet
Wu Jian
Xom

Shops:
D:7 *


Innate Abilities, Weirdness & Mutations

You are too large for most types of armour.
You have claws for hands.
Your metabolism is lightning-fast.
You like to eat raw meat.
Your natural rate of healing is unusually fast.
You are covered in fur. (AC +1)
You have very tough skin. (AC +2)


Message History

The leopard gecko closely misses you. The killer bee zombie hits you.
* * * LOW HITPOINT WARNING * * *
The killer bee zombie closely misses you.
The leopard gecko bites you but does no damage.
The white imp hits you but does no damage.
The killer bee zombie hits you but does no damage.
The leopard gecko closely misses you.
The killer bee zombie hits you but does no damage.
The white imp hits you but does no damage.
The killer bee zombie barely misses you.
The leopard gecko bites you but does no damage.
The killer bee zombie hits you.
* * * LOW HITPOINT WARNING * * *
The white imp hits you but does no damage.
The leopard gecko bites you.
* * * LOW HITPOINT WARNING * * *
The killer bee zombie barely misses you.
The white imp gestures at you. The puff of frost hits you!
You die...

......#.
......##.
.........
.........
#........
#........
#Z5.?....
#@......<
#.l......
#........
#........
#........
.........
##.......
#......


You could see a white imp, a killer bee zombie and a leopard gecko.

Vanquished Creatures
  A two-headed ogre (D:8)
  The ghost of marriedatthemol the Digger, a novice GrEE (D:6)
  Maurice (D:8)
  A hippogriff (D:7)
  Grinder (D:5)
  A hungry ghost (D:7)
  Edmund (D:6)
  Duvessa (D:6)
  An orc warrior (D:8)
  4 ogres
  2 centaurs
  Blork the orc (D:5)
  A big kobold (D:7)
  3 bullfrogs
  Dowan (D:6)
  A wyvern zombie (D:7)
  3 scorpions
  A vampire bat (D:7)
  3 crimson imps
  A jelly (D:8)
  6 orc priests
  An orc wizard (D:3)
  2 bullfrog skeletons
  A hound (D:8)
  Crazy Yiuf (D:3)
  Ijyb (D:4)
  A gnoll shaman (D:7)
  2 iguanas (D:4)
  2 worker ants
  Natasha (thrice) (D:4)
  4 gnolls
  A howler monkey skeleton (D:4)
  8 adders
  An adder zombie (D:5)
  An adder skeleton (D:8)
  5 worms
  A dart slug (D:1)
  4 leopard geckos
  20 orcs
  12 bats
  3 bat skeletons (D:7)
  A bat zombie (D:7)
  4 giant cockroaches
  12 goblins
  6 hobgoblins
  9 jackals
  2 quokkas
  3 ball pythons (D:1)
  5 frilled lizards
  A giant cockroach zombie (D:5)
  12 kobolds
  A leopard gecko zombie (D:5)
  A quokka skeleton (D:4)
  7 rats
174 creatures vanquished.

Notes
Turn   | Place    | Note
-------+----------+-------------------------------------------
     0 | D:1      | solxrula the Troll Berserker began the quest for the Orb.
     0 | D:1      | Reached XP level 1. HP: 22/22 MP: 0/0
   140 | D:1      | Reached skill level 3 in Maces & Flails
   167 | D:1      | Reached XP level 2. HP: 29/29 MP: 1/1
   374 | D:1      | Reached XP level 3. HP: 36/36 MP: 2/2
   520 | D:1      | Reached ** piety under Trog
  1319 | D:2      | Found a hazy altar of Hepliaklqana.
  1337 | D:2      | Reached XP level 4. HP: 36/44 MP: 3/3
  1402 | D:2      | Reached skill level 4 in Maces & Flails
  1853 | D:3      | Found a shattered altar of Ashenzari.
  2213 | D:3      | Reached *** piety under Trog
  2240 | D:3      | Reached XP level 5. HP: 30/52 MP: 4/4
  2250 | D:3      | HP: 1/79 [orc wizard/magic dart (5)]
  2253 | D:3      | Reached skill level 5 in Maces & Flails
  2609 | D:3      | Found a runed door.
  2613 | D:3      | Noticed Crazy Yiuf
  2618 | D:3      | Killed Crazy Yiuf
  2667 | D:3      | Found a deep blue altar of Sif Muna.
  2723 | D:4      | Found a radiant altar of Vehumet.
  2818 | D:4      | Reached XP level 6. HP: 58/61 MP: 5/5
  2863 | D:4      | Reached skill level 6 in Maces & Flails
  3199 | D:4      | Found an iron altar of Okawaru.
  3320 | D:4      | Noticed Ijyb
  3329 | D:4      | Killed Ijyb
  3329 | D:4      | Reached XP level 7. HP: 41/67 MP: 6/6
  3334 | D:4      | Found a bloodstained altar of Trog.
  3423 | D:4      | Found an opulent altar of Gozag.
  3474 | D:4      | Noticed Natasha
  3478 | D:4      | Killed Natasha
  3539 | D:4      | Noticed Natasha
  3544 | D:4      | Killed Natasha
  3614 | D:4      | Noticed Natasha
  3620 | D:4      | Killed Natasha
  3620 | D:4      | Reached skill level 7 in Maces & Flails
  3866 | D:5      | Entered Level 5 of the Dungeon
  3902 | D:5      | Noticed Grinder
  3905 | D:5      | Paralysed by Grinder for 7 turns
  3934 | D:5      | Killed Grinder
  3934 | D:5      | Reached skill level 8 in Maces & Flails
  3996 | D:5      | Noticed Blork the orc
  4025 | D:5      | Killed Blork the orc
  4096 | D:5      | Reached XP level 8. HP: 75/75 MP: 7/7
  4326 | D:5      | Found a bloodstained altar of Trog.
  4526 | D:6      | Noticed Duvessa
  4541 | D:6      | Killed Duvessa
  4541 | D:6      | Reached **** piety under Trog
  4541 | D:6      | Reached skill level 9 in Maces & Flails
  4543 | D:6      | Noticed Dowan
  4561 | D:6      | Killed Dowan
  4725 | D:6      | Noticed marriedatthemol's ghost (novice GrEE)
  4743 | D:6      | Killed marriedatthemol's ghost
  4743 | D:6      | Reached skill level 10 in Maces & Flails
  4876 | D:6      | Noticed Edmund
  4889 | D:6      | Killed Edmund
  5334 | D:6      | Found a burning altar of Makhleb.
  5334 | D:6      | Found a shimmering altar of Xom.
  5503 | D:7      | Reached XP level 9. HP: 75/81 MP: 8/8
  5904 | D:7      | Found an ancient bone altar of Kikubaaqudgha.
  6022 | D:7      | Reached skill level 11 in Maces & Flails
  6024 | D:7      | Found Fihi Xiz's Assorted Antiques.
  6064 | D:7      | Found an ornate altar of the Wu Jian Council.
  6523 | D:8      | Noticed a two-headed ogre
  6533 | D:8      | Killed a two-headed ogre
  6533 | D:8      | Reached skill level 12 in Maces & Flails
  6956 | D:8      | Reached ***** piety under Trog
  6970 | D:8      | Noticed a dagger
  6970 | D:8      | Found a hide-covered altar of Uskayaw.
  6970 | D:8      | Noticed a hand axe
  7058 | D:8      | Noticed Maurice
  7067 | D:8      | Killed Maurice
  7067 | D:8      | Reached XP level 10. HP: 32/91 MP: 9/9
  7444 | D:9      | HP: 4/91 [killer bee zombie (2)]
  7448 | D:9      | Killed from afar by a white imp

Vault maps used:
D:1:      wheals_arrival_shading, st_stairs_2
D:2:      overflow_temple_1_default, first_ration
D:3:      led_sif_pool, ashenzari_altar_1, uniq_crazy_yiuf_cottage
D:4:      lemuel_doored_altar, vehumet_crystals, lemuel_coloured_pillars_altar,
          grunt_gozag_breadcrumbs, serial_bayou_lake_a, uniq_natasha, uniq_ijyb
D:5:      minmay_temple_entry_from_below_a, grunt_ministairs_9,
          trog_butcher_becter, uniq_blork_the_orc, uniq_grinder
D:6:      grunt_temple_overflow_champion_of_chaos, lemuel_flame_loot_1,
          uniq_duvessa, uniq_edmund
D:7:      kennysheep_vampire_church, old_standard_altar, serial_shops,
          nicolae_shop_overgrown_old_shop
D:8:      dancing_weapons_uskayaw, st_stairs_14, grunt_ogre_cave, uniq_maurice
D:9:      david_lair_shrubbed, serial_shops, nicolae_shop_waterfront,
          serial_ice, serial_ice_g, serial_ice_d, serial_ice_n, serial_ice_l,
          serial_ice_e, serial_ice_m, serial_ice_c, serial_ice_a

Skill      XL: |  1  2  3  4  5  6  7  8  9 |
---------------+----------------------------+-----
Maces & Flails | 3 4 5 6 8 10 12 | 12.9
Fighting       | 3 |  3.1
Dodging        | 3 |  3.0
Evocations     | |  0.2

Action                   |  1- 3 |  4- 6 |  7- 9 | 10-12 || total
-------------------------+-------+-------+-------+-------++-------
Melee: Mace              |   115 |   191 |   144 |       ||   450
       Flail             |       |       |   152 |     8 ||   160
Invok: Berserk           |     1 |     4 |     7 |       ||    12
Evoke: Wand              |       |       |     3 |       ||     3
  Use: Scroll            |     4 |     6 |    10 |       ||    20
       Potion            |     2 |     3 |     3 |       ||     8
  Eat: Chunk             |    17 |    22 |    31 |     3 ||    73
       Ration            |       |       |     3 |       ||     3
Armor: Animal skin       |    51 |    63 |    35 |       ||   149
       Robe              |       |       |    48 |    26 ||    74
Dodge: Dodged            |    67 |    67 |   109 |    31 ||   274

Table legend:
 A = Spawn XP
 B = Non-spawn XP
 C = Spawn XP percentage of total XP
 D = Spawn monster count
 E = Non-spawn monster count
 F = Spawn count percentage of total count
 G = Total turns spent on level
                    A         B        C        D         E        F      G
               +---------+---------+-------+---------+---------+-------+---------
         Total |       0 |    5987 |   0.0 |       0 |     174 |   0.0 |  7448
               +---------+---------+-------+---------+---------+-------+---------
           D:1 |       0 |      71 |   0.0 |       0 |      34 |   0.0 |  1045
           D:2 |       0 |      48 |   0.0 |       0 |      12 |   0.0 |   524
           D:3 |       0 |     218 |   0.0 |       0 |      37 |   0.0 |  1127
           D:4 |       0 |     527 |   0.0 |       0 |      17 |   0.0 |  1170
           D:5 |       0 |     686 |   0.0 |       0 |      15 |   0.0 |   574
           D:6 |       0 |    1158 |   0.0 |       0 |      13 |   0.0 |  1030
           D:7 |       0 |     856 |   0.0 |       0 |      24 |   0.0 |  1006
           D:8 |       0 |    2423 |   0.0 |       0 |      22 |   0.0 |   948
               +---------+---------+-------+---------+---------+-------+---------
